 Dungeon Crawl Stone Soup version 0.32-a0-898-g7811c86cf0 (webtiles) character file.

Game seed: 10870946086280138951

125151 gohu the Executioner (level 16, 0/146 (155) HPs)
             Began as a Mountain Dwarf Fighter on Apr 3, 2024.
             Was the Champion of Fedhas.
             Slain by a jumping spider simulacrum (10 damage)
             ... on level 3 of the Lair of Beasts on Apr 4, 2024.
             The game lasted 01:28:52 (36797 turns).

gohu the Executioner (Mountain Dwarf Fighter)      Turns: 36797, Time: 01:28:52

HP:   0/146 (155)   AC: 18    Str: 31    XL:     16   Next: 40%
MP:   21/28         EV: 10    Int: 15    God:    Fedhas [******]
Gold: 2657          SH:  0    Dex: 11    Spells: 15/15 levels left

rFire   . . .        G - +2 broad axe (flame)
rCold   + + +        c - +0 buckler
rNeg    . . .        A - +4 skin of Zhor {*Englaciate rC+++ SInv}
rPois   .            m - +1 helmet
rElec   .            e - +0 cloak
rCorr   .            (no gloves)
SInv    +            l - +2 pair of boots of the Trees {rC++ Int+4 Dex+2}
Will    +....        B - amulet of the acrobat
Stlth   +            U - +6 ring of strength
HPRegen 0.44/turn    X - +4 ring of protection
MPRegen 0.21/turn

%: acrobat
@: confused, drained
A: runic magic, artefact enchanting
a: Renounce Religion, Wall of Briars, Grow Ballistomycete, Overgrow, Grow Oklob


You were on level 3 of the Lair of Beasts.
You worshipped Fedhas.
Fedhas was exalted by your worship.
You visited 5 branches of the dungeon, and saw 24 of its levels.
You also visited: Ossuary and Ice Cave.

You collected 3536 gold pieces.
You spent 879 gold pieces at shops.

Inventory:

Hand Weapons
 G - a +2 broad axe of flaming (weapon)
 Y - a +1 broad axe of electrocution
Missiles
 K - 2 throwing nets
 Q - 15 boomerangs (quivered)
 S - 14 javelins
Armour
 c - a +0 buckler (worn)
 e - a +0 cloak (worn)
 l - the +2 pair of boots of the Trees (worn) {rC++ Int+4 Dex+2}
   (You found it on level 15 of the Dungeon)

   Int+4:     It affects your intelligence (+4).
   Dex+2:     It affects your dexterity (+2).
   rC++:      It greatly protects you from cold.
 m - a +1 helmet (worn)
 r - a +0 buckler of cold resistance
 A - the +4 skin of Zhor (worn) {*Englaciate rC+++ SInv}
   (You found it on level 7 of the Dungeon)

   *Englaciate: It radiates cold, occasionally slowing all nearby creatures who
   are not resistant to cold.
   rC+++:     It renders you almost immune to cold.
   SInv:      It lets you see invisible.
Jewellery
 w - a ring of ice
 y - an amulet of reflection
 B - an amulet of the acrobat (around neck)
 D - a ring of flight
 J - a ring of poison resistance
 U - a +6 ring of strength (left hand)
 W - an amulet of guardian spirit
 X - a +4 ring of protection (right hand)
 Z - a ring of protection from fire
Wands
 t - a wand of roots (25)
 C - a wand of charming (39)
 H - a wand of flame (16)
 I - a wand of mindburst (24)
Scrolls
 f - 7 scrolls of noise
 g - 15 scrolls of teleportation
 h - a scroll of summoning
 k - a scroll of torment
 n - 4 scrolls of blinking
 p - 3 scrolls of amnesia
 q - a scroll of immolation
 u - 3 scrolls of fog
 v - 2 scrolls of fear
 x - a scroll of silence
 L - 4 scrolls of identify
 P - 4 scrolls of poison
Potions
 a - a potion of brilliance
 b - 4 potions of haste
 d - 6 potions of curing
 i - 12 potions of heal wounds
 j - 4 potions of enlightenment
 o - a potion of berserk rage
 s - 3 potions of resistance
 z - 3 potions of magic
 E - 4 potions of mutation
 F - 2 potions of ambrosia
 R - 5 potions of might
 T - a potion of lignification
 V - a potion of cancellation
Miscellaneous
 M - a condenser vane
 N - a phial of floods
 O - a lightning rod (4/4)


   Skills:
 - Level 17.1 Fighting
 - Level 22.5 Axes
 - Level 2.3 Throwing
 * Level 10.6 Armour
 + Level 5.1 Shields
 * Level 16.0 Invocations
 - Level 7.1 Evocations


You had 15 spell levels left.
You didn't know any spells.
Your spell library contained the following spells:

 Spells                   Type           Power      Damage    Failure   Level
 Apportation              Tloc           0%         N/A       30%         1
 Kiss of Death            Conj/Necr      0%         2d5       30%         1
 Magic Dart               Conj           0%         1d3       30%         1
 Necrotise                Necr           0%         1d4       30%         1
 Sting                    Conj/Alch      0%         1d3       30%         1
 Summon Small Mammal      Summ           0%         N/A       30%         1
 Blink                    Tloc           0%         N/A       43%         2
 Call Imp                 Summ           0%         N/A       43%         2
 Cigotuvi's Dreadful Rot  Necr/Alch/Air  0%         N/A       43%         2
 Ensorcelled Hibernation  Hex/Ice        0%         N/A       43%         2
 Mercury Vapours          Alch/Air       0%         N/A       43%         2
 Confusing Touch          Hex            0%         N/A       67%         3
 Hailstorm                Conj/Ice       0%         3d5       67%         3
 Maxwell's Portable Pile  Tloc           0%         2d(5-13)  67%         3
 Mephitic Cloud           Conj/Alch/Air  0%         N/A       67%         3
 Passwall                 Erth           0%         N/A       67%         3
 Sigil of Binding         Hex            0%         N/A       67%         3
 Summon Ice Beast         Ice/Summ       0%         N/A       67%         3
 Swiftness                Air            0%         N/A       67%         3
 Teleport Other           Tloc           0%         N/A       67%         3
 Tukima's Dance           Hex            0%         N/A       67%         3
 Volatile Blastmotes      Fire/Tloc      0%         2d10      67%         3
 Dimensional Bullseye     Hex/Tloc       0%         N/A       97%         4
 Dispel Undead            Necr           0%         3d6       97%         4
 Ignite Poison            Fire/Alch      0%         N/A       97%         4
 Iskenderun's Mystic Bla Conj/Tloc 0%             2d3        (+2d1     97%         4
 Leda's Liquefaction      Alch/Erth      0%         N/A       97%         4
 Olgreb's Toxic Radiance  Alch           0%         N/A       97%         4
 Vhi's Electric Charge    Tloc/Air       0%         N/A       97%         4
 Arcjolt                  Conj/Air       0%         1d10      100%        5
 Freezing Cloud           Conj/Ice/Air   0%         6-21      100%        5
 Bombard                  Conj/Erth      0%         9d1       100%        6
 Death Channel            Necr           0%         N/A       100%        6
 Dispersal                Tloc           0%         N/A       100%        6
 Gell's Gavotte           Tloc           0%         2d(11-16) 100%        6
 Permafrost Eruption      Ice/Erth       0%         2x4d1     100%        6
 Sculpt Simulacrum        Ice/Alch       0%         N/A       100%        6
 Maxwell's Capacitive Co  Air            0%         ∞         100%        8


Dungeon Overview and Level Annotations

Branches:
Dungeon (15/15)            Temple (1/1) D:6            Lair (5/5) D:11
  Swamp (0/4) Lair:2       Spider (1/4) Lair:3        Slime (0/5) Lair:4
    Orc (2/2) D:11            Elf (0/3) Orc:2        Vaults (0/5) D:14
 Depths (0/4) D:15        Ossuary (visited)           IceCv (visited)

Altars:
Ashenzari
Cheibriados
Dithmenos
Elyvilon
Fedhas
Gozag
Hepliaklqana
Kikubaaqudgha
Makhleb
Nemelex Xobeh
Okawaru
Qazlal
Ru
Sif Muna
Trog
Uskayaw
Vehumet
Wu Jian
Xom
Yredelemnul
Zin
The Shining One
Beogh

Shops:
D:13 (   Orc:2 =**?

Annotations:
D:4 2 transporters, Konar's ghost, amateur CoHu
D:6 1 runed translucent door, Crazy Yiuf
D:7 2 transporters, Subbak's ghost, novice DsMo


Innate Abilities, Weirdness & Mutations

Your spellcasting is much less encumbered by armour.
You can use scrolls of enchantment on lesser artefacts.


Message History

The jumping spider simulacrum freezes you.
You resist.
* * * LOW HITPOINT WARNING * * *
Okay, then.
Okay, then.
Okay, then.
Aiming: Grow Oklob (1% risk of failure)
Press: ? - help, Dir - move target, f - jumping spider
Aim: a jumping spider (severely wounded, soul bound)
Okay, then.
Aiming: Grow Oklob (1% risk of failure)
Press: ? - help, Dir - move target An oklob plant grows from the ground.
The jumping spider leaps!
The tarantella touches you but does no damage.
The jumping spider simulacrum pounces on you but does no damage.
The jumping spider simulacrum completely misses you.
The tarantella touches you!
* * * LOW HITPOINT WARNING * * *
You are afflicted by dizzying energies!
You are confused.
You struggle to detach yourself from the web.
The jumping spider leaps!
The tarantella touches you but does no damage.
The jumping spider simulacrum barely misses you.
The jumping spider simulacrum bites you but does no damage.
Your oklob plant spits acid at the jumping spider.
The splash of acid hits the jumping spider!!
The acid corrodes the jumping spider!
The jumping spider dies!
Fedhas appreciates your contribution to the ecosystem.
A freezing mist starts to gather...
Your Invocations skill increases to level 16!
A jumping spider simulacrum comes into view.
The web tears apart.
The tarantella touches you!
* * * LOW HITPOINT WARNING * * *
You are afflicted by dizzying energies!
You are more confused.
The jumping spider simulacrum pounces on you!
You die...
Fedhas appreciates your contribution to the ecosystem.

.## #### #P.# ..###### ##.##
.......# ### #..## P.###P.##
####.####..# ...###..##
##^#.#.###.## ....###..##
##.#.#.#^##..#
#.....##..####.#.#####.#.##
#.....##....#.P.###.#....#
...#........#Z○Z@#.#.....##
..###.......#..s###.#.....#
..######..P###.#####.#.##..#
...## ##...# ##.#^#.#.######
P...###.#.## ##^#.#.##
......##### #^###.## ###..##
### ### .##### ##


You could see a tarantella (soul bound), 2 jumping spider simulacra and a
friendly oklob plant (summoned).

Vanquished Creatures
  An orc warlord (Orc:2)
  Snorg (D:11)
  A fire dragon (D:14)
  An entropy weaver (Spider:1)
  4 hydras
  3 ogre magi
  3 boulder beetles
  2 ice dragons
  A death knight (D:9)
  The ghost of ILmort the Cleaver, a novice MDFi of Uskayaw (D:10)
  10 centaur warriors
  A deep troll earth mage (D:15)
  4 death yaks (Lair:4)
  7 two-headed ogres
  5 orc high priests (Orc:2)
  3 tengu warriors
  A deep elf knight (D:14)
  3 skysharks
  A pharaoh ant (Lair:3)
  7 skeletal warriors
  A swamp dragon (Lair:5)
  A steelbarb worm (Lair:3)
  2 lindwurms (Lair:5)
  10 orc knights
  An obsidian bat (Orc:1)
  2 orc sorcerers
  A faun (shapeshifter) (D:13)
  4 deep elf pyromancers
  6 manticores
  9 ugly things
  9 cyclopes
  3 black mambas
  4 meliai (D:13)
  3 kobold blastminers
  8 elephants
  6 torpor snails
  3 centaur skeletons (D:14)
  9 cane toads
  2 ice statues (IceCv)
  3 gargoyles
  2 kobold demonologists (D:11)
  An unseen horror (D:12)
  An unseen horror (shapeshifter) (D:15)
  2 efreet
  3 yaktaurs
  7 komodo dragons
  A komodo dragon (shapeshifter) (D:14)
  Psyche (D:11)
  9 rime drakes
  2 tengu conjurers
  4 freezing wraiths
  A polar bear (Lair:5)
  8 hornets
  A queen bee (D:13)
  10 trolls
  5 jumping spiders (Lair:3)
  A harpy skeleton (D:14)
  3 tyrant leeches (Lair:5)
  17 dream sheep
  17 blink frogs
  4 slime creatures
  A culicivora (Lair:3)
  A spriggan (shapeshifter) (D:13)
  A shadow (D:9)
  2 wraiths
  5 wyverns
  82 yaks
  5 basilisks
  9 redbacks
  10 steam dragons
  7 wargs
  A golden eye (shapeshifter) (D:10)
  12 vampire mosquitoes
  Menkaure (D:5)
  A redback simulacrum (D:15)
  A death yak simulacrum (D:13)
  12 water moccasins
  Duvessa (D:5)
  4 acid dragons
  33 orc warriors
  A sky beast (shapeshifter) (D:15)
  A swamp drake (Lair:5)
  2 ice beasts (D:7)
  2 sky beasts
  3 black bears
  2 laughing skulls (D:13)
  7 centaurs
  10 ogres
  A boggart (D:14)
  17 wolves
  2 phantoms
  10 kobold brigands
  Blork the orc (D:5)
  3 elf zombies
  16 bullfrogs
  A scorpion (D:7)
  A cane toad simulacrum (D:13)
  An elf skeleton (D:4)
  3 gnoll sergeants
  11 wights
  Dowan (D:5)
  34 killer bees
  2 lindwurm simulacra (IceCv)
  7 howler monkeys
  An electric eel (Lair:1)
  3 bombardier beetles
  6 komodo dragon simulacra (IceCv)
  3 human zombies
  3 hounds
  10 iguanas
  32 orc priests
  2 sleepcaps (D:6)
  3 human skeletons (D:4)
  19 orc wizards
  A wolf simulacrum (D:13)
  4 spriggan simulacra (D:13)
  4 hound zombies (Ossuary)
  A mummy (Ossuary)
  5 acid dragon simulacra (IceCv)
  9 adders
  12 gnolls
  A naga simulacrum (D:13)
  A shadow imp (D:8)
  A white imp (D:8)
  4 ufetubi
  8 steam dragon simulacra (IceCv)
  5 adder zombies (Ossuary)
  2 dart slugs
  3 ribbon worms
  69 orcs
  6 endoplasms
  2 giant cockroaches
  4 gnoll zombies (Ossuary)
  3 hobgoblins
  28 kobolds
  2 quokkas
  5 ball pythons
  5 bats
  4 frilled lizards
  7 goblins
  5 jackal zombies (Ossuary)
  5 kobold zombies (Ossuary)
  6 orc zombies (Ossuary)
  9 rats
878 creatures vanquished.

Vanquished Creatures (collateral kills)
  An iron dragon (D:13)
  2 meliai (D:13)
  A jumping spider (Lair:3)
  A killer bee (D:13)
  18 ballistomycete spores
23 creatures vanquished.

Vanquished Creatures (others)
  An ice dragon (Lair:5)
  A cyclops (D:13)
  A killer bee (D:13)
3 creatures vanquished.

Grand Total: 904 creatures vanquished

Notes
Turn   | Place    | Note
-------+----------+-------------------------------------------
     0 | D:1      | gohu the Mountain Dwarf Fighter began the quest for the
                  | Orb.
     0 | D:1      | Reached XP level 1. HP: 19/19 MP: 1/1
   162 | D:1      | Reached skill level 3 in Axes
   180 | D:1      | Reached XP level 2. HP: 26/26 MP: 2/2
   605 | D:1      | Reached skill level 4 in Axes
   755 | D:2      | Reached XP level 3. HP: 27/31 MP: 3/3
  1414 | D:2      | Reached skill level 5 in Axes
  1552 | D:3      | Reached XP level 4. HP: 15/38 MP: 4/4
  1952 | D:3      | Reached skill level 6 in Axes
  2569 | D:3      | Reached XP level 5. HP: 45/45 MP: 5/5
  2864 | D:4      | Found a transporter.
  2864 | D:4      | Found a transporter.
  2864 | D:4      | Noticed Konar's ghost (amateur CoHu)
  2953 | D:4      | Noticed a wyvern
  2967 | D:4      | Killed a wyvern
  2968 | D:4      | Reached skill level 8 in Axes
  2968 | D:4      | Reached XP level 6. HP: 31/51 MP: 6/6
  3050 | D:4      | Found a sand-covered staircase.
  3073 | Ossuary  | Entered an ossuary
  3277 | Ossuary  | Reached skill level 9 in Axes
  3318 | Ossuary  | Reached XP level 7. HP: 55/57 MP: 7/7
  3493 | Ossuary  | Reached skill level 10 in Axes
  4004 | D:4      | Found a snail-covered altar of Cheibriados.
  4419 | D:4      | Found a stormy altar of Qazlal.
  4438 | D:4      | Found a radiant altar of Vehumet.
  4521 | D:4      | Reached skill level 11 in Axes
  4691 | D:5      | Entered Level 5 of the Dungeon
  4714 | D:5      | Reached XP level 8. HP: 46/63 MP: 8/8
  5115 | D:5      | Noticed Menkaure
  5123 | D:5      | Killed Menkaure
  5252 | D:5      | Noticed Duvessa
  5252 | D:5      | Noticed Dowan
  5265 | D:5      | Killed Dowan
  5266 | D:5      | Killed Duvessa
  5267 | D:5      | Reached skill level 12 in Axes
  6234 | D:5      | Noticed Blork the orc
  6242 | D:5      | Killed Blork the orc
  6669 | D:6      | Reached skill level 13 in Axes
  6744 | D:6      | Reached XP level 9. HP: 66/72 MP: 9/9
  7314 | D:6      | Found a runed translucent door.
  7315 | D:6      | Noticed Crazy Yiuf
  7542 | D:6      | Found a staircase to the Ecumenical Temple.
  7549 | Temple   | Entered the Ecumenical Temple
  7557 | Temple   | Became a worshipper of Fedhas Madash
  7787 | D:7      | Reached skill level 5 in Fighting
  7959 | D:7      | Reached skill level 14 in Axes
  7959 | D:7      | Reached skill level 5 in Armour
  8053 | D:7      | Found a transporter.
  8054 | D:7      | Found a transporter.
  8054 | D:7      | Noticed Subbak's ghost (novice DsMo)
  8056 | D:7      | Noticed a centaur warrior
  8527 | D:7      | Noticed a rime drake
  8537 | D:7      | Found the +4 skin of Zhor {*Englaciate rC+++ SInv}
  8648 | D:7      | Killed a rime drake
  8854 | D:8      | Reached skill level 15 in Axes
  8962 | D:8      | Reached * piety under Fedhas
  9224 | D:8      | Reached XP level 10. HP: 45/83 MP: 10/10
 10335 | D:8      | Reached ** piety under Fedhas
 10796 | D:9      | Reached skill level 16 in Axes
 10796 | D:9      | Reached skill level 1 in Invocations
 11201 | D:9      | Noticed a cyclops
 11206 | D:9      | Killed a cyclops
 11218 | D:9      | Reached skill level 5 in Shields
 11414 | D:9      | Noticed a white ugly thing
 11414 | D:9      | Noticed a deep elf pyromancer
 11460 | D:9      | Killed a white ugly thing
 11590 | D:9      | Found an iron altar of Okawaru.
 11695 | D:9      | Reached skill level 5 in Invocations
 11856 | D:9      | Reached XP level 11. HP: 97/97 MP: 14/14
 11875 | D:9      | Killed a deep elf pyromancer
 11896 | D:9      | Noticed a purple ugly thing
 11896 | D:9      | Noticed a red ugly thing
 11896 | D:9      | Noticed a brown ugly thing
 11896 | D:9      | Noticed a purple ugly thing
 12163 | D:9      | Noticed a death knight
 12210 | D:9      | Killed a death knight
 12211 | D:9      | Reached skill level 10 in Fighting
 12372 | D:9      | Killed a brown ugly thing
 12402 | D:9      | Killed a red ugly thing
 12424 | D:9      | Killed a red ugly thing
 12434 | D:9      | Killed a purple ugly thing
 12712 | D:9      | Reached *** piety under Fedhas
 13090 | D:10     | Entered Level 10 of the Dungeon
 13464 | D:10     | Noticed a two-headed ogre
 13575 | D:10     | Killed a two-headed ogre
 13844 | D:10     | Got the Volume of Toxins and Bruises
 13864 | D:10     | Noticed a two-headed ogre
 13871 | D:10     | Killed a two-headed ogre
 14184 | D:10     | Reached skill level 17 in Axes
 14347 | D:10     | Reached **** piety under Fedhas
 14371 | D:10     | Noticed an orc knight
 14416 | D:10     | Reached XP level 12. HP: 100/111 MP: 15/18
 14616 | D:10     | Noticed a centaur warrior
 14630 | D:10     | Killed a centaur warrior
 15019 | D:10     | Found a runed translucent gate.
 15019 | D:10     | Noticed a boulder beetle
 15050 | D:10     | Killed a boulder beetle
 15328 | D:10     | Reached skill level 18 in Axes
 15339 | D:10     | Found a runed translucent gate.
 15339 | D:10     | Found a runed translucent gate.
 15341 | D:10     | Noticed ILmort's ghost (novice MDFi)
 15707 | D:11     | Reached skill level 1 in Evocations
 15856 | D:11     | Noticed a two-headed ogre
 15876 | D:11     | Killed a two-headed ogre
 16002 | D:11     | Found a staircase to the Orcish Mines.
 16027 | D:11     | Noticed a tengu warrior
 16033 | D:11     | Killed a tengu warrior
 16146 | D:11     | Noticed Snorg
 16154 | D:11     | Killed Snorg
 16155 | D:11     | Reached skill level 10 in Invocations
 16181 | D:11     | Noticed a two-headed ogre
 16188 | D:11     | Killed a two-headed ogre
 16523 | D:11     | Found a staircase to the Lair.
 16565 | D:11     | Noticed Psyche
 16576 | D:11     | Killed Psyche
 16813 | Lair:1   | Entered Level 1 of the Lair of Beasts
 17123 | Lair:1   | Reached ***** piety under Fedhas
 17445 | Lair:1   | Reached XP level 13. HP: 122/122 MP: 21/21
 18243 | Lair:2   | Reached skill level 5 in Evocations
 18671 | Lair:2   | Found a staircase to the Swamp.
 19426 | Lair:3   | Found a hole to the Spider Nest.
 19803 | Lair:3   | Reached skill level 15 in Fighting
 20218 | Lair:3   | Identified the +7 rapier of Fury {distort, Dex+5}
 20762 | Lair:4   | You fall into a shaft and drop 1 floor!
 20762 | Lair:5   | Entered Level 5 of the Lair of Beasts
 20840 | Lair:5   | Reached ****** piety under Fedhas
 20986 | Lair:4   | Reached XP level 14. HP: 135/138 MP: 23/23
 21730 | Lair:4   | Found a staircase to the Slime Pits.
 24218 | Lair:5   | Paralysed by a hornet for 1 turns
 24221 | Lair:5   | Reached skill level 19 in Axes
 24862 | D:10     | Killed ILmort's ghost
 25237 | D:12     | Upgraded the game from 0.32-a0-893-gf85d74f360 to
                  | 0.32-a0-898-g7811c86cf0
 26032 | D:13     | Reached XP level 15. HP: 104/138 MP: 25/25
 26183 | D:13     | Found a frozen archway.
 26223 | IceCv    | Entered an ice cave
 27394 | D:13     | Reached skill level 20 in Axes
 27933 | D:13     | Noticed an iron dragon
 27951 | D:13     | Killed an iron dragon
 28141 | D:13     | Found Otzybow's Antique Weapon Boutique.
 28713 | D:14     | Reached skill level 1 in Throwing
 29176 | D:14     | Found a hide-covered altar of Uskayaw.
 29312 | D:14     | Reached skill level 21 in Axes
 29624 | D:14     | Found a gate to the Vaults.
 30095 | D:15     | Entered Level 15 of the Dungeon
 31153 | D:15     | Found a staircase to the Depths.
 31235 | D:15     | Reached skill level 15 in Invocations
 32048 | D:15     | Reached XP level 16. HP: 98/155 MP: 27/27
 32496 | D:15     | Identified the +2 pair of boots of the Trees {rC++ Int+4
                  | Dex+2}
 32662 | Orc:1    | Entered Level 1 of the Orcish Mines
 33132 | Orc:1    | Found a roughly hewn altar of Beogh.
 33275 | Orc:2    | Entered Level 2 of the Orcish Mines
 33477 | Orc:2    | Reached skill level 10 in Armour
 33640 | Orc:2    | Reached skill level 22 in Axes
 33785 | Orc:2    | Found a staircase to the Elven Halls.
 33995 | Orc:2    | Found Keckak's Magic Scroll Shoppe.
 35424 | Orc:2    | Found Dickadgh's Jewellery Boutique.
 35425 | Orc:2    | Found Gigravir's Book Shop.
 35425 | Orc:2    | Found Sequgagh's Assorted Antiques.
 35426 | Orc:2    | Found Botyame's General Store.
 36092 | Orc:2    | Bought a scroll of blinking for 105 gold pieces
 36092 | Orc:2    | Bought a scroll of teleportation for 42 gold pieces
 36092 | Orc:2    | Bought a scroll of silence for 133 gold pieces
 36092 | Orc:2    | Bought a scroll of identify for 28 gold pieces
 36092 | Orc:2    | Bought a scroll of teleportation for 42 gold pieces
 36092 | Orc:2    | Bought 3 scrolls of identify for 84 gold pieces
 36092 | Orc:2    | Bought a scroll of fog for 56 gold pieces
 36092 | Orc:2    | Bought a scroll of summoning for 133 gold pieces
 36145 | Orc:2    | Bought a scroll of teleportation for 96 gold pieces
 36145 | Orc:2    | Bought a potion of curing for 96 gold pieces
 36145 | Orc:2    | Bought a scroll of identify for 64 gold pieces
 36539 | Spider:1 | Entered Level 1 of the Spider Nest
 36797 | Lair:3   | Slain by a jumping spider simulacrum

Illustrated notes

Levels and vault maps discovered:
D:1:      scummos_arrival_forest, layout_loops_cross
D:2:      layout_loops_cross, kennysheep_cross_bottleneck
D:3:      layout_basic
D:4:      layout_loops_corners, jmf_multi_god_temple2, marbit_many_paths,
          gammafunk_ghost_arena, nicolae_ossuary_entry_catacombs
D:5:      layout_basic, uniq_menkaure, uniq_blork_the_orc, uniq_duvessa
D:6:      layout_basic, temple_green, minmay_circle_x, uniq_crazy_yiuf_cottage
D:7:      layout_gridville, gammafunk_ghost_arena, minivault_11,
          hellmonk_guarded_unrand_zhor
D:8:      layout_gridville
D:9:      hangedman_cross_veins, layout_layer_cave,
          nicolae_overflow_hidden_temple, grunt_decor_arrowhead
D:10:     minmay_the_grid_4x2 [minmay_the_grid_embedded,
          minmay_the_grid_stretched_grid, minmay_the_grid_armoury,
          minmay_the_grid_zigzag_pyramid, minmay_the_grid_small_cups,
          minmay_the_grid_fan, minmay_the_grid_odd_star,
          minmay_the_grid_prize_shrinking_boxes], layout_basic,
          gammafunk_ghost_spectres
D:11:     layout_loops_ring, lair_entry_dummy, david_orc_2, uniq_psyche,
          uniq_snorg
D:12:     layout_irregular_city
D:13:     regret_index_tunnel_blossom, layout_stronghold,
          portal_ice_cave_entry_ice_simulacra, serial_shops, shop,
          kennysheep_generic_room_9
D:14:     layout_basic, hangedman_vaults_entry_quadrant_bands, serial_aquarium,
          aquarium_bridge_island_small [aquarium_subvault_small_open,
          aquarium_subvault_bridge, aquarium_subvault_wall,
          aquarium_subvault_bridge, aquarium_subvault_window],
          aquarium_bridge_square [aquarium_subvault_wall,
          aquarium_subvault_bridge, aquarium_subvault_bridge,
          aquarium_subvault_wall], aquarium_window_1, aquarium_window_2,
          aquarium_view_2c, aquarium_view_2c, aquarium_balcony_1b,
          aquarium_pool_four, nicolae_uskayaw_suspiria
D:15:     hellmonk_depths_entry_around_the_bend, layout_cave_pools,
          minmay_misc_feat_plants, minmay_joined_circles
Temple:   nicolae_temple_bog_church
Lair:1:   layout_gridlike, minivault_23
Lair:2:   layout_regular_city, minmay_swamp_entry_swarm
Lair:3:   layout_misc_corridors, nicolae_spider_entry_tight_spaces,
          infiniplex_staircase_pool
Lair:4:   layout_regular_city, slime_entry_1
Lair:5:   wormcave, layout_cellular_growth, guppyfry_lair_end_dragon,
          serial_forest, infiniplex_forest_zigzag_1,
          infiniplex_forest_clump_medium, infiniplex_forest_straight_2,
          infiniplex_forest_straight_4, infiniplex_forest_straight_2,
          infiniplex_forest_diagonal, infiniplex_forest_lined_4_way,
          infiniplex_forest_straight_4
Spider:1: layout_spider_delve, drop_trap, hellmonk_motheaten_closet, uniq_nikola
Orc:1:    layout_caves, regret_index_minedec_devilstone, nicolae_orc_lost_temple
Orc:2:    st_orc_pillars, layout_diamond_mine, serial_shops, shop

Skill      XL: |  1  2  3  4  5  6  7  8  9 10 11 12 13 14 15 16 |
---------------+-------------------------------------------------+-----
Axes           | 3 4 5 6 8 9 11 13 15 16 17 18 19 21 22 | 22.5
Armour         | 4 5 8 9 10 | 10.6
Fighting       | 4 5 9 11 13 16 17 | 17.1
Shields        | 4 5 |  5.1
Invocations    | 5 8 10 12 14 15 16 | 16.0
Evocations     | 4 6 7 |  7.1
Throwing       | 2 |  2.3

Action                     |  1- 3 |  4- 6 |  7- 9 | 10-12 | 13-15 | 16-18 || total
---------------------------+-------+-------+-------+-------+-------+-------++-------
  Melee: War axe           |   113 |   147 |   587 |   265 |       |       ||  1112
         Broad axe         |       |       |       |   389 |  1248 |   350 ||  1987
  Throw: Boomerang         |       |       |       |       |    21 |     6 ||    27
 Invoke: Wall of Briars    |       |       |       |     1 |     1 |       ||     2
         Grow Ballistomyce |       |       |       |     1 |     2 |     2 ||     5
         Grow Oklob        |       |       |       |       |     3 |     1 ||     4
  Evoke: Wand              |       |       |     3 |     7 |     2 |       ||    12
         Lightning rod     |       |       |       |     5 |     4 |     1 ||    10
         Condenser vane    |       |       |       |     1 |     2 |       ||     3
         Phial of floods   |       |       |       |     1 |       |       ||     1
    Use: Scroll            |       |     8 |     5 |     5 |    11 |     2 ||    31
         Potion            |       |     1 |     2 |       |       |     2 ||     5
   Stab: Confused          |       |       |       |       |     5 |     1 ||     6
         Distracted        |       |       |       |       |       |     1 ||     1
 Armour: Scale mail        |    69 |    26 |       |       |       |       ||    95
         Chain mail        |       |    76 |   352 |       |       |       ||   428
         Animal skin       |       |       |    43 |   294 |   723 |   193 ||  1253
  Dodge: Dodged            |    52 |    46 |   158 |   128 |   437 |   148 ||   969
  Block: Buckler           |    19 |    30 |    82 |   162 |   238 |    42 ||   573
         Reflection        |       |       |       |     6 |       |       ||     6

Table legend: (Time is in decaauts)
 A = Elapsed time spent in this place.
 B = Non-inter-level travel time spent in this place.
 C = Inter-level travel time spent in this place.
 D = Time resting spent in this place.
 E = Time spent auto-exploring this place.
 F = Levels seen in this place.
 G = Mean time per level.
                   A        B        C        D        E       F      G
               +--------+--------+--------+--------+--------+-----+--------+
         Total |  36364 |  34653 |   1711 |   1697 |  24920 |  26 | 1398.6 |
       Dungeon |  23371 |  22300 |   1071 |   1225 |  16292 |  15 | 1558.1 |
        Temple |     16 |      1 |     15 |      0 |      0 |   1 |   16.0 |
          Lair |   8186 |   7762 |    424 |    206 |   5914 |   5 | 1637.2 |
   Spider Nest |     30 |     30 |      0 |      0 |      5 |   1 |   30.0 |
  Orcish Mines |   3412 |   3213 |    199 |    175 |   2058 |   2 | 1706.0 |
       Ossuary |    597 |    597 |      0 |     80 |    139 |   1 |  597.0 |
      Ice Cave |    748 |    748 |      0 |     11 |    512 |   1 |  748.0 |
               +--------+--------+--------+--------+--------+-----+--------+

Top non-repeatable levels by time:
    D:10: 2730 daAuts
  Lair:5: 2714 daAuts
   Orc:2: 2678 daAuts
     D:9: 2630 daAuts
    D:14: 2487 daAuts
    D:13: 2057 daAuts
  Lair:3: 1951 daAuts
     D:5: 1648 daAuts
     D:8: 1434 daAuts
    D:11: 1396 daAuts
    D:15: 1374 daAuts
  Lair:1: 1351 daAuts
     D:6: 1325 daAuts
     D:4: 1313 daAuts
     D:3: 1303 daAuts
